Map: Emerald City LE

Players

Massa - Winner!

  • Race: Terran Terran
  • League: Gold
  • Spawn Location: 5:00

qqq - Winner!

  • Race: Zerg Zerg
  • League: Platinum
  • Spawn Location: 5:00

Piwi

  • Race: Protoss Protoss
  • League: Gold
  • Spawn Location: 11:00

Fedmahn

  • Race: Protoss Protoss
  • League: Diamond
  • Spawn Location: 11:00

VOD

Have the link to the VOD?

Description

Time

  • Played on: May 20, 2020, 3:10 p.m.
  • Length: 4:51
Show
View Real Time Build Order
Export as new Build Order

Massa Terran - Winner!

Build Orders:  

Get SALT Encoding   

  12  0:10  Supply Depot  
  12  0:13  SCV  
  13  0:25  SCV  
  14  0:34  Barracks  
  14  0:37  SCV  
  15  0:50  Barracks  
  15  0:52  SCV  
  16  1:02  Supply Depot  
  16  1:05  SCV  
  17  1:17  SCV  
  18  1:23  Barracks  
  18  1:25  Marine  
  19  1:37  Barracks  
  19  1:40  Marine  
  20  1:55  Marine  
  20  1:58  Marine  
  22  2:09  Refinery  
  22  2:11  Marine  
  22  2:12  Marine  
  24  2:16  Marine  
  25  2:25  Orbital Command  
  25  2:26  Marine  
  25  2:29  Marine  
  27  2:30  Marine  
  27  2:34  Marine  
  29  2:42  Supply Depot  
  29  2:44  Marine  
  29  2:47  Marine  
  29  2:49  Supply Depot  
  31  3:03  Marine x2  
  31  3:04  Supply Depot  
  33  3:06  Marine  
  33  3:09  Marine  
  35  3:19  SCV  
  36  3:21  Marine x2  
  36  3:24  Marine  
  36  3:27  Marine  
  40  3:36  SCV  
  40  3:39  Marine x2  
  43  3:42  Marine  
  43  3:44  Marine  
  42  3:56  Marine  
  42  3:57  Marine  
  44  4:07  Marine x2  
  46  4:14  Marine  
  46  4:15  Marine  
  46  4:24  Marine  
  46  4:25  Marine  
  48  4:32  Marine x2  
Show
View Real Time Build Order
Export as new Build Order

qqq Zerg - Winner!

Build Orders: Hatch First 

Get SALT Encoding   

  12  0:01  Drone  
  13  0:09  Drone  
  14  0:37  Hatchery  
  13  0:51  Spawning Pool  
  13  0:54  Drone  
  13  1:02  Overlord  
  13  1:07  Drone  
  14  1:11  Extractor  
  14  1:13  Drone  
  14  1:20  Drone  
  15  1:30  Drone  
  16  1:39  Queen  
  18  1:41  Drone  
  19  1:51  Queen  
  21  1:55  Drone  
  22  2:02  Zergling x2  
  23  2:09  Drone  
  23  2:11  Zergling x2  
  23  2:15  Overlord  
  25  2:19  Zergling x2  
  25  2:20  Zergling x2  
  27  2:24  Drone  
  28  2:30  Metabolic Boost  
  28  2:34  Zergling x2  
  29  2:38  Zergling x2  
  29  2:42  Zergling x2  
  31  2:47  Zergling x2  
  31  2:48  Zergling x2  
  33  2:51  Overlord  
  33  2:55  Zergling x2  
  34  2:59  Zergling x2  
  34  3:04  Drone  
  36  3:06  Overlord  
  36  3:15  Zergling x4  
  36  3:16  Zergling x2  
  36  3:18  Zergling x2  
  40  3:22  Zergling x2  
  41  3:27  Zergling x2  
  41  3:28  Zergling x2  
  41  3:31  Zergling x2  
  41  3:33  Zergling x2  
  42  3:58  Zergling x10  
  42  3:59  Zergling x8  
  49  4:23  Zergling x6  
  49  4:24  Zergling x2  
Show
View Real Time Build Order
Export as new Build Order

Piwi Protoss 

Build Orders: 1 Gate Expand, Oracle Opening 

Get SALT Encoding   

  12  0:01  Probe  
  13  0:20  Pylon  
  13  0:22  Probe  
  14  0:34  Probe  
  15  0:43  Gateway  
  15  0:48  Assimilator  
  15  0:49  Probe (Chrono Boost)  
  16  0:59  Probe (Chrono Boost)  
  17  1:07  Probe  
  18  1:20  Nexus  
  18  1:32  Cybernetics Core  
  18  1:36  Probe  
  19  1:48  Pylon  
  19  1:52  Zealot  
  21  2:01  Assimilator  
  21  2:02  Probe  
  22  2:14  Probe  
  22  2:15  Stargate  
  25  2:22  Zealot  
  25  2:34  Probe (Chrono Boost)  
  26  2:43  Probe (Chrono Boost)  
  27  2:48  Probe (Chrono Boost)  
  27  2:51  Probe  
  29  3:00  Probe  
  29  3:02  Oracle (Chrono Boost), Pylon  
  29  3:03  Probe  
  34  3:12  Pylon  
  34  3:15  Probe  
  34  3:17  Probe  
  36  3:22  Assimilator  
  36  3:27  Probe  
  36  3:29  Probe  
  38  3:36  Void Ray (Chrono Boost)  
  38  3:39  Probe  
  43  3:41  Probe  
  43  3:44  Zealot  
  46  3:51  Probe  
  43  4:03  Probe  
Show
View Real Time Build Order
Export as new Build Order

Fedmahn Protoss 

Build Orders: 1 Gate Expand 

Get SALT Encoding   

  12  0:01  Probe  
  13  0:13  Probe  
  14  0:25  Probe  
  14  0:27  Pylon  
  15  0:45  Probe (Chrono Boost)  
  15  0:46  Gateway  
  16  0:52  Assimilator  
  16  0:56  Probe (Chrono Boost)  
  17  1:00  Probe (Chrono Boost)  
  18  1:11  Probe  
  19  1:34  Nexus  
  19  1:39  Cybernetics Core  
  19  1:46  Forge  
  19  1:49  Probe  
  19  2:01  Probe  
  20  2:05  Pylon  
  20  2:13  Probe (Chrono Boost)  
  21  2:16  Stalker  
  23  2:23  Probe (Chrono Boost), Photon Cannon  
  24  2:36  Gateway  
  24  2:38  Probe  
  25  2:52  Shield Battery  
  25  2:54  Probe (Chrono Boost)  
  27  3:00  Probe (Chrono Boost)  
  27  3:04  Probe (Chrono Boost)  
  28  3:08  Probe (Chrono Boost)  
  28  3:09  Probe (Chrono Boost)  
  30  3:16  Gateway  
  32  3:21  Probe (Chrono Boost)  
  32  3:23  Robotics Facility  
  32  3:24  Probe (Chrono Boost)  
  32  3:27  Probe (Chrono Boost)  
  32  3:31  Probe (Chrono Boost)  
  34  3:35  Assimilator  
  34  3:36  Probe (Chrono Boost)  
  38  3:49  Probe (Chrono Boost)  
  36  3:56  Photon Cannon  
  36  3:58  Pylon  
  34  4:16  Stalker (Chrono Boost)  
  31  4:20  Stalker (Chrono Boost)  
  31  4:22  Pylon  
Tags
 
Add a new tag
Caveats
  • Supply blocks, unpowered buildings, or Contaminate may cause inaccurate times.
  • Supply counts are checked every 10 seconds.